 Dungeon Crawl Stone Soup version 0.24.0-123-gd5b16e6ec5 (webtiles) character file.

Game seed: 4506146841280265403, levelgen mode: deterministic

55 Descartes the Sneak (level 3, -4/17 HPs)
             Began as a Felid Monk on Feb 1, 2020.
             Killed from afar by Ijyb (6 damage)
             ... with an iceblast
             ... on level 3 of the Dungeon.
             The game lasted 00:04:11 (2634 turns).

Descartes the Sneak (Felid Monk)                    Turns: 2634, Time: 00:04:11

Health: -4/17      AC:  1    Str:  8    XL:     3   Next: 67%
Magic:  4/4        EV: 19    Int: 11    God:
Gold:   97         SH:  0    Dex: 18    Spells: 2/2 levels left
                                        Lives:  0   Deaths: 0

rFire    x . .     SeeInvis +     - Unarmed
rCold    + . .     Gourm    .   (shield unavailable)
rNeg     . . .     Faith    .   (armour unavailable)
rPois    .         Spirit   .   (helmet unavailable)
rElec    .         Reflect  .   (cloak unavailable)
rCorr    .         Harm     .   (gloves unavailable)
MR       .....                  (boots unavailable)
Stlth    ++++......             (no amulet)
HPRegen  0.05/turn              j - ring of ice
MPRegen  0.09/turn              (no ring)

@: quick
A: very small, no armour, no weapons or thrown items, stealth, claws 1, fangs 3,
see invisible, carnivore, speed 1, shaggy fur 1, slow metabolism 1, sharp paws
a: no special abilities


You were on level 3 of the Dungeon.
You were completely stuffed.

You visited 1 branch of the dungeon, and saw 3 of its levels.

You collected 97 gold pieces.

Inventory:

Missiles
 c - 93 stones
 i - 36 arrows
Jewellery
 j - a ring of ice (left paw)
Wands
 q - a wand of iceblast (6)
Scrolls
 d - a scroll of remove curse
 e - 2 scrolls of teleportation {unknown}
 f - a scroll of enchant weapon {unknown}
 h - a scroll of fear {unknown}
 n - a scroll of noise {unknown}
 o - a scroll of fog {unknown}
 p - a scroll of amnesia {unknown}
Potions
 g - a potion of curing
 k - a potion of heal wounds
 l - a potion of flight
 m - a potion of lignification {unknown}
Comestibles
 a - 5 rations


   Skills:
 - Level 3.0 Fighting
 - Level 4.0 Dodging
 * Level 5.1 Stealth
 + Level 3.6 Unarmed Combat


You had 2 spell levels left.
You didn't know any spells.
Your spell library was empty.

Dungeon Overview and Level Annotations

Branches:
Dungeon (3/15)

Altars:
Nemelex Xobeh
Okawaru

Annotations:
D:3 Ijyb


Innate Abilities, Weirdness & Mutations

You cannot wear armour.
You are incapable of wielding weapons or throwing items.
Your paws allow you to move quietly. (Stealth)
You have sharp claws.
You have razor-sharp teeth.
You have supernaturally acute eyesight. (SInv)
You are carnivorous and can eat meat at any time.
You cover ground quickly.
You are covered in fur. (AC +1)
You have a slow metabolism.
Your sharp claws are effective at attacking unaware monsters.


Message History

Ijyb is heavily wounded.
Ijyb misses you.
You scratch Ijyb but do no damage. Your claw misses Ijyb.
Ijyb is heavily wounded.
Ijyb hits you with a +2 dagger of holy wrath.
You scratch Ijyb.
Ijyb is heavily wounded.
Ijyb hits you with a +2 dagger of holy wrath.
* * * LOW HITPOINT WARNING * * *
You scratch Ijyb but do no damage.
Ijyb is heavily wounded.
Ijyb misses you.
You scratch Ijyb but do no damage. You bite Ijyb, but do no damage.
Ijyb is heavily wounded.
Ijyb hits you with a +2 dagger of holy wrath.
* * * LOW HITPOINT WARNING * * *
Ijyb screams, "Die!"
Ijyb zaps a wand.
The mass of ice explodes!
The iceblast engulfs you. You partially resist.
You die...

...###..........#####......######
.....'..........'[...............
...###..........####........#####
...##<...........# #.............
.................# #.........####
..)##...........g# #.##.###..# #
...##.##'##......# #.##......####
#...#.##.##....#.# #.##..........
#...####.##.#..#@# #.##......####
#...# #.##.#..#.###.#.......# #
#...# #.#...................# #
#...# #.#..##.#.#...###.###.# #
#...# #)#..##.....#.# #.# #.####
#...####.#..##..##.#.###'###.....
'...'................###_'.......
#...#................###+###.....
#...####.#..##.#.#...# #.# #.....


You could see Ijyb.

Vanquished Creatures
  An ooze (D:2)
  3 leopard geckos
  6 giant cockroaches
  5 goblins
  4 hobgoblins
  4 jackals (D:2)
  A quokka (D:3)
  A ball python (D:1)
  7 bats
  2 frilled lizards
  3 kobolds
  4 rats
41 creatures vanquished.

Notes
Turn   | Place    | Note
-------+----------+-------------------------------------------
     0 | D:1      | Descartes the Felid Monk began the quest for the Orb.
     0 | D:1      | Reached XP level 1. HP: 10/10 MP: 2/2
    43 | D:1      | Reached skill level 3 in Stealth
   232 | D:1      | Reached XP level 2. HP: 11/14 MP: 3/3
   539 | D:1      | Reached skill level 4 in Stealth
   886 | D:2      | Found a faded altar of an unknown god.
  1061 | D:2      | Reached XP level 3. HP: 12/17 MP: 4/4
  1423 | D:2      | You fall into a shaft and drop 1 floor!
  1435 | D:3      | Noticed Ijyb
  1897 | D:3      | Found a sparkling altar of Nemelex Xobeh.
  1989 | D:3      | Found an iron altar of Okawaru.
  2043 | D:3      | Reached skill level 5 in Stealth
  2634 | D:3      | Killed from afar by Ijyb

Levels and vault maps discovered:
D:1:      nicolae_arrival_memento_mori, layout_rooms
D:2:      layout_basic, serial_bayou, serial_bayou_lagoon_a,
          serial_bayou_ford_a, serial_bayou_pond_e, serial_bayou_shore_a,
          chequers_ecumenical_altar_island, solitary_fountain,
          minmay_misc_feat_more_columns
D:3:      layout_basic, lemuel_doored_altar, nemelex_altar_shiori,
          gammafunk_temple_overflow_wave, first_ration, uniq_ijyb

Skill      XL: |  1  2  3 |
---------------+----------+-----
Stealth        | 3 4 5 |  5.1
Fighting       | |  3.0
Dodging        | |  4.0
Unarmed Combat | |  3.6

Action                   || total
-------------------------++-------
Melee: Unarmed           ||   153
       Bite              ||    19
  Use: Scroll            ||     4
 Stab: Sleeping          ||     7
       Distracted        ||     1
  Eat: Chunk             ||    11
Armor: Skin              ||     7
Dodge: Dodged            ||   143
